 Dungeon Crawl Stone Soup version 0.31.0-12-g77e489cdc1 (webtiles) character file.

Game seed: 4973554200941900191

40 spaghetti the Sneak (level 3, -1/22 HPs)
             Began as a Tengu Brigand on Feb 17, 2024.
             Slain by a gnoll
             ... wielding a +0 flail
              (8 damage)
             ... on level 2 of the Dungeon.
             The game lasted 00:01:05 (794 turns).

spaghetti the Sneak (Tengu Brigand)                  Turns: 794, Time: 00:01:06

Health: -1/22      AC:  5    Str: 11    XL:     3   Next: 50%
Magic:  4/4        EV: 12    Int: 11    God:
Gold:   72         SH:  0    Dex: 17    Spells: 2/2 levels left

rFire   . . .        a - +2 dagger
rCold   . . .        (no shield)
rNeg    . . .        b - +0 robe
rPois   .            (helmet restricted)
rElec   .            c - +0 cloak
rCorr   .            (no gloves)
SInv    .            (boots unavailable)
Will    +....        (no amulet)
Stlth   +++          (no ring)
HPRegen 0.23/turn    (no ring)
MPRegen 0.09/turn

%: acrobat
@: attractive
A: beak, talons 3, acrobatic, iridescent scales 1, strong-willed 1, wild magic 1
a: no special abilities


You were on level 2 of the Dungeon.
You visited 1 branch of the dungeon, and saw 2 of its levels.

You collected 72 gold pieces.

Inventory:

Hand Weapons
 a - a +2 dagger (weapon)
Missiles
 d - 12 poisoned darts
 e - 3 curare-tipped darts
Armour
 b - a +0 robe (worn)
 c - a +0 cloak (worn)
Scrolls
 f - a scroll of acquirement {unknown}
 g - 2 scrolls of identify {unknown}
 h - a scroll of brand weapon {unknown}
Potions
 k - a potion of degeneration {unknown}
 l - a potion of cancellation {unknown}
 m - a potion of haste {unknown}
 n - a potion of curing {unknown}
 o - 2 potions of heal wounds {unknown}
 p - 2 potions of enlightenment {unknown}


   Skills:
 + Level 2.7 Fighting
 - Level 2.1 Short Blades
 + Level 2.6 Throwing
 - Level 1.1 Dodging
 + Level 4.5 Stealth


You had 2 spell levels left.
You didn't know any spells.
Your spell library was empty.

Dungeon Overview and Level Annotations

Branches:
Dungeon (2/15)

Altars:


Innate Abilities, Weirdness & Mutations

You have a beak for a mouth.
You have claws for feet.
You can magically evade attacks while moving or waiting.
You are partially covered in iridescent scales. (AC +2)
You are strong-willed. (Will+)
Your spells are a little harder to cast, but a little more powerful.


Message History

A gnoll comes into view. It is wielding a +0 halberd.
The gnoll shouts!
You hear an angry hiss.
You hear a shout!
A gnoll comes into view. It is wielding a +0 club.
A gnoll comes into view. It is wielding a +0 flail.
The gnoll completely misses you.
You closely miss the gnoll. The gnoll misses you.
The gnoll shouts!
You hit the gnoll. You claw the gnoll.
The gnoll is moderately wounded.
You hit the gnoll but do no damage. You claw the gnoll! You peck the gnoll.
You kill the gnoll!
The gnoll hits you with a +0 flail!
You are too injured to fight recklessly!
You are too injured to fight recklessly!
You are too injured to fight recklessly!
You are too injured to fight recklessly!
You are too injured to fight recklessly!
You are too injured to fight recklessly!
You are too injured to fight recklessly!
You are too injured to fight recklessly!
You are too injured to fight recklessly!
You are too injured to fight recklessly!
You are too injured to fight recklessly!
You are too injured to fight recklessly!
You are too injured to fight recklessly!
You are too injured to fight recklessly!
You are too injured to fight recklessly!
You are too injured to fight recklessly!
You are too injured to fight recklessly!
You are too injured to fight recklessly!
You are too injured to fight recklessly!
Sorry, you're not good enough to have a special ability.
It was a potion of attraction.
You feel attractive to monsters. The gnoll hits you with a +0 flail.
It was a potion of mutation.
You feel extremely strange.
Iridescent scales grow over part of your body.
You feel strong-willed.
You feel less in control of your magic. The gnoll hits you with a +0 flail!
You die...

.#.##..#.##..#.##..#
.##.#..##.#..##.#..#
#....##....##....###
..##.#..##.#..##.#.#
#.##..#.##..#.##..##
#....##....##....###
.#.##..#.##..#.##..##
.##.#..##.#..##.#...#
#....##....##..)@##.#
..##.#..##.#..##g# .#
#.##..#.##..#.##Sg #
#....##....##....##
.#.##..#.##..#.##.
.##.#..##.#..##. .
#....##....##....#
..##.#..##.# .##.#
#.##..#.# ..# # ..


You could see 2 gnolls and a ball python.

Vanquished Creatures
  A gnoll (D:2)
  5 ball pythons
  A bat (D:1)
  3 endoplasms
  6 goblins
  4 hobgoblins (D:1)
  A quokka (D:1)
  3 frilled lizards (D:1)
  A kobold (D:1)
  3 rats (D:1)
28 creatures vanquished.

Notes
Turn   | Place    | Note
-------+----------+-------------------------------------------
     0 | D:1      | spaghetti the Tengu Brigand began the quest for the Orb.
     0 | D:1      | Reached XP level 1. HP: 12/12 MP: 2/2
   152 | D:1      | Reached XP level 2. HP: 17/17 MP: 3/3
   221 | D:1      | Found a faded altar of an unknown god.
   325 | D:1      | Reached XP level 3. HP: 15/22 MP: 4/4
   794 | D:2      | Gained mutation: You are partially covered in iridescent
                  | scales. (AC +2) [potion of mutation]
   794 | D:2      | Gained mutation: You are strong-willed. (Will+) [potion of
                  | mutation]
   794 | D:2      | Gained mutation: Your spells are a little harder to cast,
                  | but a little more powerful. [potion of mutation]
   794 | D:2      | Slain by a gnoll

Illustrated notes

Levels and vault maps discovered:
D:1:      mainiacjoe_arrival_oval_in_oval, layout_loops_ring,
          basic_ecumenical_altar
D:2:      layout_loops_corners, nicolae_eternal_life, uniq_crazy_yiuf_cottage

Action                     || total
---------------------------++-------
  Melee: Dagger            ||    40
         Kick              ||     8
         Peck              ||     7
    Use: Potion            ||     2
   Stab: Sleeping          ||    12
 Armour: Robe              ||    17
  Dodge: Dodged            ||    26
